 Dungeon Crawl Stone Soup version 0.29.0-4-gdea44cf6ec (webtiles) character file.

Game seed: 8960206965727592911

76 qw the Chopper (level 4, 0/26 HPs)
             Began as a Tengu Warper on Aug 28, 2022.
             Slain by an orc
             ... wielding a +0 short sword
              (3 damage)
             ... on level 3 of the Dungeon.
             The game lasted 00:00:08 (1923 turns).

qw the Chopper (Tengu Warper)                       Turns: 1923, Time: 00:00:09

Health: 0/26       AC: 12    Str: 13    XL:     4   Next: 32%
Magic:  8/8        EV:  3    Int: 13    God:
Gold:   95         SH:  0    Dex: 14    Spells: 7/7 levels left

rFire   . . .      SeeInvis .   Y - +0 hand axe
rCold   . . .      Faith    .   (no shield)
rNeg    . . .      Spirit   .   b - +0 plate armour
rPois   +          Reflect  .   (helmet restricted)
rElec   .          Harm     .   (no cloak)
rCorr   .          Rampage  .   g - +0 pair of gloves
Will    .....      Clarity  +   (boots unavailable)
Stlth   ..........              (no amulet)
HPRegen 0.08/turn               (no ring)
MPRegen 0.11/turn               (no ring)

@: no status effects
A: beak, talons 3, clarity, poison resistance
a: no special abilities


You were on level 3 of the Dungeon.
You visited 1 branch of the dungeon, and saw 3 of its levels.

You collected 95 gold pieces.


Innate Abilities, Weirdness & Mutations

You have a beak for a mouth.
You have claws for feet.
You possess an exceptional clarity of mind.
Your system is resistant to poisons. (rPois)


   Skills:
 - Level 2.0 Fighting
 + Level 4.4 Axes
 - Level 1.0 Throwing
 - Level 2.2 Armour
 - Level 2.1 Dodging
 - Level 2.0 Spellcasting
 - Level 2.4 Translocations


You had 7 spell levels left.
You didn't know any spells.
Your spell library contained the following spells:

 Spells                   Type           Power      Damage    Failure   Level
 Blink                    Tloc           14%        N/A       100%        2
 Gell's Gravitas          Tloc           7%         N/A       100%        3
 Lesser Beckoning         Tloc           7%         N/A       100%        3
 Teleport Other           Tloc           7%         N/A       100%        3
 Manifold Assault         Tloc           7%         N/A       100%        5

Inventory:

Hand Weapons
 d - a +0 whip
 Y - a +0 hand axe (weapon)
Missiles
 e - 2 javelins (quivered)
Armour
 b - a +0 plate armour (worn)
 g - a +0 pair of gloves (worn)
Scrolls
 c - a scroll of identify
Potions
 a - a potion of mutation
 h - a potion of lignification {unknown}
 i - a potion of curing {unknown}
 n - a potion of ambrosia {unknown}

Dungeon Overview and Level Annotations

Branches:
Dungeon (3/15)

Altars:


Message History

Terence hits you with a +0 flail!
You barely miss Terence. You claw Terence.
Terence is severely wounded.
Terence hits you but does no damage.
You hit Terence. You peck Terence, but do no damage.
Terence is severely wounded.
Terence hits you with a +0 flail!
1915 ||| READING scroll of teleportation.
As you read the scroll of teleportation, it crumbles to dust.
You feel strangely unstable. Terence hits you with a +0 flail.
1916 ||| DRINKING potion of heal wounds.
You feel much better. Terence hits you with a +0 flail.
You hit Terence. Your kick misses Terence.
Terence is almost dead.
Terence hits you but does no damage.
You hit Terence.
You kill Terence!
Your Armour skill increases to level 2!
You have reached level 4!
You feel agile.
You start resting.
Your surroundings suddenly seem different.
An orc priest and 3 orcs come into view.
The orc shouts!
The orc priest shouts!
The orc shouts!
The orc hits you with a +0 short sword.
You hit the orc. You peck the orc.
The orc is moderately wounded.
You closely miss the orc. The orc hits you but does no damage.
You barely miss the orc. You claw the orc.
The orc is heavily wounded.
You hit the orc but do no damage. The orc hits you with a +0 flail.
The orc hits you but does no damage. The orc hits you with a +0 flail.
The orc hits you but does no damage.
You hit the orc.
The orc is severely wounded.
You closely miss the orc. You hit the orc. The orc hits you with a +0 mace.
The orc hits you with a +0 short sword.
You die...

#.
##.####
#.....#
#.....#
#.....#
#..o..#
#.ooo.#
#@# #.#
#...#
###.#
.# #


You could see an orc priest and 3 orcs.

Vanquished Creatures
  Terence (D:3)
  2 adders (D:2)
  2 dart slugs
  6 ball pythons
  2 endoplasms
  A giant cockroach (D:2)
  4 goblins
  A hobgoblin (D:1)
  3 kobolds
  A quokka (D:2)
  2 bats (D:1)
  4 frilled lizards
29 creatures vanquished.

Notes
Turn   | Place    | Note
-------+----------+-------------------------------------------
     0 | D:1      | qw the Tengu Warper began the quest for the Orb.
     0 | D:1      | Reached XP level 1. HP: 12/12 MP: 4/4
     0 | D:1      | 0 ||| qw: Version: 0.1-a-89-g26bdef1
     0 | D:1      | 0 ||| qw: Game counter: 2454
     0 | D:1      | 0 ||| qw: Always use a shield: true
     0 | D:1      | 0 ||| qw: God list: Okawaru
     0 | D:1      | 0 ||| qw: Allow faded altars: false
     0 | D:1      | 0 ||| qw: Do Orc after D:15 true
     0 | D:1      | 0 ||| qw: Do second Lair branch before Depths: true
     0 | D:1      | 0 ||| qw: Lair rune preference: random
     0 | D:1      | 0 ||| qw: Plans: Normal
     0 | D:1      | 0 ||| PLANNING D:1-11
   334 | D:1      | Reached skill level 3 in Axes
   334 | D:1      | Reached XP level 2. HP: 14/17 MP: 6/6
   379 | D:1      | 379 ||| DROPPING +0 club.
   657 | D:1      | Found a faded altar of an unknown god.
  1009 | D:1      | 1009 ||| UPGRADING to +0 ring mail.
  1019 | D:1      | 1019 ||| DROPPING +0 leather armour.
  1020 | D:1      | 1020 ||| UPGRADING to +0 pair of gloves.
  1025 | D:1      | 1025 ||| UPGRADING to +0 chain mail.
  1035 | D:1      | 1035 ||| DROPPING +0 ring mail.
  1036 | D:1      | 1036 ||| READING scroll labelled KEKICZ VOCEGGU.
  1037 | D:1      | 1037 ||| READING 2 scrolls labelled GEONWOE GUAG.
  1040 | D:1      | 1040 ||| READING scroll labelled GAASMECZOM.
  1041 | D:1      | 1041 ||| DROPPING scroll of blinking.
  1098 | D:2      | Reached XP level 3. HP: 15/21 MP: 7/7
  1516 | D:2      | Reached skill level 4 in Axes
  1864 | D:2      | 1864 ||| UPGRADING to +0 plate armour.
  1874 | D:2      | 1874 ||| DROPPING +0 chain mail.
  1875 | D:2      | 1875 ||| DRINKING 2 brown potions.
  1875 | D:2      | Gained mutation: Your system is resistant to poisons.
                  | (rPois) [potion of mutation]
  1875 | D:2      | Gained mutation: You possess an exceptional clarity of
                  | mind. [potion of mutation]
  1876 | D:2      | 1876 ||| DRINKING 2 puce potions.
  1907 | D:3      | Noticed Terence
  1914 | D:3      | HP: 4/21 [Terence/+0 flail (9)]
  1915 | D:3      | 1915 ||| READING scroll of teleportation.
  1915 | D:3      | HP: 1/21 [Terence/+0 flail (3)]
  1916 | D:3      | 1916 ||| DRINKING potion of heal wounds.
  1918 | D:3      | Killed Terence
  1919 | D:3      | Reached XP level 4. HP: 19/26 MP: 8/8
  1923 | D:3      | HP: 3/26 [orc/+0 mace (5)]
  1923 | D:3      | Slain by an orc

Levels and vault maps discovered:
D:1:      sevenhm_arrival_forest_fort_large_2, layout_loops_ring,
          ebering_ecumenical_altar_rust, chequers_serial_rivers_small_a
D:2:      layout_loops_cross
D:3:      layout_loops_ring, chequers_temple_overflow_minitemple,
          nicolae_concentric_dashed_squares_mild, uniq_terence

Skill      XL: |  1  2  3 |
---------------+----------+-----
Axes           | 3 4 |  4.4
Armour         | 2 |  2.2
Fighting       | |  2.0
Throwing       | |  1.0
Dodging        | |  2.1
Spellcasting   | |  2.0
Translocations | |  2.4

Action                   |  1- 3 |  4- 6 || total
-------------------------+-------+-------++-------
Melee: Hand axe          |    66 |     3 ||    69
       Kick              |    12 |     1 ||    13
       Peck              |     7 |     1 ||     8
Throw: Boomerang         |     7 |       ||     7
       Javelin           |     3 |       ||     3
  Use: Scroll            |     4 |       ||     4
       Potion            |     3 |       ||     3
Armor: Leather armour    |     8 |       ||     8
       Chain mail        |    23 |       ||    23
       Plate armour      |     2 |     3 ||     5
Dodge: Dodged            |    19 |       ||    19

Table legend:
 A = Non-vault XP
 B = Vault XP
 C = Vault XP percentage of total XP
 D = Non-vault monster count
 E = Vault monster count
 F = Vault count percentage of total count
                 A         B        C        D         E       F
            +---------+---------+-------+---------+---------+-------
      Total |      73 |      36 |  33.0 |      28 |       1 |   3.4
            +---------+---------+-------+---------+---------+-------
        D:1 |      23 |       0 |   0.0 |      13 |       0 |   0.0
        D:2 |      50 |       0 |   0.0 |      15 |       0 |   0.0
        D:3 |       0 |      36 | 100.0 |       0 |       1 | 100.0
            +---------+---------+-------+---------+---------+-------
